 Dungeon Crawl Stone Soup version 0.24.0-125-gc4c63601f3 (webtiles) character file.

Game seed: 10539326353235451618, levelgen mode: deterministic

1526 Johnny the Ruffian (level 8, -13/120 HPs)
             Began as a Troll Berserker on Mar 8, 2020.
             Was an Elder of Trog.
             Mangled by an orc warrior
             ... wielding a +0 trident
              (26 damage)
             ... on level 6 of the Dungeon.
             The game lasted 00:04:39 (4812 turns).

Johnny the Ruffian (Troll Berserker)                Turns: 4812, Time: 00:04:40

Health: -13/120    AC:  2    Str: 33    XL:     8   Next: 55%
Magic:  7/7        EV: 11    Int:  3    God:    Trog [****..]
Gold:   263        SH:  0    Dex:  9    Spells: 7/7 levels left

rFire    + . .     SeeInvis .     - Unarmed
rCold    + . .     Gourm    +   (no shield)
rNeg     . . .     Faith    .   a - +0 animal skin
rPois    .         Spirit   .   (helmet restricted)
rElec    .         Reflect  .   z - scarf {rC+ rF+}
rCorr    .         Harm     +   (gloves unavailable)
MR       .....     Rnd*Tele +   (boots unavailable)
Stlth    ..........             o - amulet of harm
HPRegen  0.70/turn              h - ring of teleportation (curse)
MPRegen  0.10/turn              (no ring)

@: berserking (expiring), corroded, very quick
A: large, unfitting armour, claws 3, fast metabolism 3, gourmand, regeneration
1, shaggy fur 1, tough skin 3
a: Berserk, Trog's Hand, Brothers in Arms, Renounce Religion


You were on level 6 of the Dungeon.
You worshipped Trog.
Trog was greatly pleased with you.
You were very full.

You visited 1 branch of the dungeon, and saw 7 of its levels.

You collected 263 gold pieces.

Inventory:

Missiles
 A - 2 throwing nets (quivered)
Armour
 a - a +0 animal skin (worn)
 z - a scarf of resistance (worn)
Jewellery
 h - a cursed ring of teleportation (left claw)
 j - an uncursed amulet of the gourmand
 o - an amulet of harm (around neck)
Wands
 y - a wand of paralysis (10)
Scrolls
 c - 5 scrolls of teleportation {unknown}
 d - 2 scrolls of noise {unknown}
 e - 3 scrolls of remove curse {unknown}
 f - 3 scrolls of enchant armour {unknown}
 m - 5 scrolls of identify {unknown}
 n - a scroll of enchant weapon {unknown}
 p - 2 scrolls of amnesia {unknown}
 q - a scroll of blinking {unknown}
 r - 3 scrolls of fear {unknown}
 u - 2 scrolls of immolation {unknown}
 v - 2 scrolls of magic mapping {unknown}
 w - a scroll of brand weapon {unknown}
 B - a scroll of silence {unknown}
 E - 2 scrolls of fog {unknown}
Potions
 g - 2 potions of brilliance {unknown}
 i - 2 potions of agility {unknown}
 k - 3 potions of lignification {unknown}
 l - a potion of mutation {unknown}
 s - 5 potions of curing {unknown}
 t - a potion of ambrosia {unknown}
 x - a potion of haste
 C - a potion of flight {unknown}
 F - a potion of invisibility {unknown}
Comestibles
 b - 12 rations
 D - 7 chunks of flesh


   Skills:
 + Level 5.1 Fighting
 + Level 4.2 Armour
 + Level 5.1 Dodging
 + Level 6.1 Unarmed Combat


You had 7 spell levels left.
You didn't know any spells.
Your spell library contained the following spells:

 Spells                   Type           Power        Failure   Level  Hunger
 Freeze                   Ice            #...         52%         1    ##.....
 Throw Frost              Conj/Ice       #.....       67%         2    ###....
 Ozocubu's Armour         Chrm/Ice       #.......     88%         3    ####...
 Summon Ice Beast         Ice/Summ       #.......     99%         4    #####..
 Throw Icicle             Conj/Ice       #.......     99%         4    #####..


Dungeon Overview and Level Annotations

Branches:
Dungeon (7/15)             Temple (0/1) D:5

Altars:
Kikubaaqudgha
Makhleb
Qazlal
Trog
Uskayaw


Innate Abilities, Weirdness & Mutations

You are too large for most types of armour.
You have claws for hands.
Your metabolism is lightning-fast.
You like to eat raw meat.
Your natural rate of healing is unusually fast.
You are covered in fur. (AC +1)
You have extremely tough skin. (AC +3)


Message History

You are too injured to fight recklessly!
You are too injured to fight recklessly!
You are too injured to fight recklessly!
You are too injured to fight recklessly!
You are too injured to fight recklessly!
You are too injured to fight recklessly!
Unknown command.
You scratch the orc warrior.
The orc warrior is moderately wounded.
The orc warrior hits you with a +0 trident!!
* * * LOW HITPOINT WARNING * * *
Unknown command.
You barely miss the rust devil.
The rust devil is heavily wounded.
The orc warrior hits you with a +0 glaive!!
* * * LOW HITPOINT WARNING * * *
The rust devil barely misses you. The rust devil closely misses you.
Unknown command.
The orc warrior hits you from afar with a +0 trident!!
You die...

#.#.#####.### #...........# #.
.......##.#########.#.#...### ##.
#.##................#.......###..
#.##....#######..................
#.###.#.# ##...##........###..
#.....#.# ###......###.....# ###
#######.# ##...###...#....#.#
#######.###..###>###..##.##.#
......#.....##♣.@.♣##.##.##.#
#####.#.##..#)...4.)#..#.##^#
#.#.##.###.4oo.###.#.##.##
#.#.##.# +..8..+ #.#.#)#.##
#.#.##.###.....###.#..###.## #
#.#.##..#).....)#....## ##.# #
#.#.###.##♣...♣##.###.###.## #
#.#.###..###∩###..####.#..# #
##.#.#......###..........#.#


You could see 2 rust devils and 2 orc warriors.

Vanquished Creatures
  A hippogriff (D:7)
  Eustachio (D:6)
  2 ogres (D:5)
  A centaur (D:6)
  A bullfrog (D:6)
  A scorpion (D:7)
  2 vampire bats (D:4)
  7 crimson imps
  A hound (D:5)
  A centaur skeleton (D:4)
  A jelly (D:5)
  An orc priest (D:7)
  An iguana (D:6)
  A bullfrog skeleton (D:6)
  Jessica (D:3)
  3 worker ants
  A hound skeleton (D:7)
  Robin (D:3)
  4 gnolls (D:3)
  5 adders
  A shadow imp (D:4)
  2 oozes
  3 dart slugs
  5 worms
  A leopard gecko (D:3)
  16 orcs
  3 ball pythons
  6 bats
  2 bat skeletons (D:4)
  2 bat zombies (D:4)
  5 giant cockroaches
  17 goblins
  7 hobgoblins
  A quokka (D:5)
  4 frilled lizards
  A giant cockroach zombie (D:3)
  2 kobolds
  A leopard gecko skeleton (D:6)
  6 rats
  2 toadstools (D:1)
124 creatures vanquished.

Vanquished Creatures (others)
  2 toadstools (D:1)
2 creatures vanquished.

Grand Total: 126 creatures vanquished

Notes
Turn   | Place    | Note
-------+----------+-------------------------------------------
     0 | D:1      | Johnny the Troll Berserker began the quest for the Orb.
     0 | D:1      | Reached XP level 1. HP: 22/22 MP: 0/0
   370 | D:1      | Reached XP level 2. HP: 27/29 MP: 1/1
  1115 | D:2      | Reached XP level 3. HP: 36/36 MP: 2/2
  1150 | D:2      | Reached skill level 1 in Armour
  1224 | D:2      | Reached ** piety under Trog
  1764 | D:3      | Reached XP level 4. HP: 44/44 MP: 3/3
  1794 | D:3      | Found a stormy altar of Qazlal.
  1857 | D:3      | Noticed Robin
  1871 | D:3      | Killed Robin
  2023 | D:3      | Reached XP level 5. HP: 19/53 MP: 4/4
  2319 | D:3      | Reached *** piety under Trog
  2405 | D:3      | Noticed Jessica
  2408 | D:3      | Killed Jessica
  2408 | D:3      | Reached skill level 4 in Unarmed Combat
  2409 | D:3      | Found a hide-covered altar of Uskayaw.
  2872 | D:4      | Reached XP level 6. HP: 61/61 MP: 5/5
  2949 | D:4      | Found an ancient bone altar of Kikubaaqudgha.
  3296 | D:4      | Found a burning altar of Makhleb.
  3476 | D:5      | Entered Level 5 of the Dungeon
  3581 | D:5      | Reached XP level 7. HP: 68/68 MP: 6/6
  3668 | D:5      | Reached skill level 5 in Unarmed Combat
  3850 | D:5      | Found a staircase to the Ecumenical Temple.
  4186 | D:6      | Reached **** piety under Trog
  4220 | D:6      | Reached XP level 8. HP: 74/79 MP: 7/7
  4406 | D:6      | Found a bloodstained altar of Trog.
  4458 | D:6      | Noticed Eustachio
  4483 | D:6      | Killed Eustachio
  4727 | D:7      | Noticed a hippogriff
  4738 | D:7      | Killed a hippogriff
  4738 | D:7      | Reached skill level 5 in Fighting
  4738 | D:7      | Reached skill level 5 in Dodging
  4738 | D:7      | Reached skill level 6 in Unarmed Combat
  4805 | D:6      | Noticed a rust devil
  4805 | D:6      | Noticed a rust devil
  4812 | D:6      | Mangled by an orc warrior

Levels and vault maps discovered:
D:1:      ldierk_water_garden, layout_basic, serial_rivers,
          chequers_serial_rivers_marsh, chequers_serial_rivers_small_3,
          chequers_serial_rivers_room_b, chequers_serial_rivers_micro_e,
          minmay_misc_feat_tower, chequers_serial_rivers_large_a,
          minmay_hedge_maze
D:2:      layout_basic
D:3:      layout_loops_corners, overflow_temple_1_default, grunt_qazlal_clouds,
          uniq_robin, uniq_jessica
D:4:      layout_basic, kennysheep_vampire_church,
          lemuel_coloured_pillars_altar, hangedman_decor_diamond_cutter
D:5:      layout_rooms, minmay_temple_entry_offerings, first_ration,
          kennysheep_generic_room_7
D:6:      cheibrodos_iron_armory, layout_loops_ring, kennysheep_little_box,
          uniq_eustachio
D:7:      layout_cave_pods, the_bakery

Skill      XL: |  1  2  3  4  5  6  7  8 |
---------------+-------------------------+-----
Armour         | 1 2 3 4 |  4.2
Dodging        | 3 4 5 |  5.1
Fighting       | 3 4 5 |  5.1
Unarmed Combat | 4 5 6 |  6.1

Action                   |  1- 3 |  4- 6 |  7- 9 || total
-------------------------+-------+-------+-------++-------
Melee: Unarmed           |    80 |   168 |    95 ||   343
       Punch             |       |     1 |       ||     1
Invok: Berserk           |       |     2 |     1 ||     3
 Stab: Sleeping          |     2 |     1 |       ||     3
  Eat: Chunk             |    19 |    18 |    15 ||    52
Armor: Animal skin       |    32 |    66 |    26 ||   124
Dodge: Dodged            |    45 |    95 |    39 ||   179
